 Dungeon Crawl Stone Soup version 0.29-a0-1023-g6ae1a4a2c7 (webtiles) character file.

Game seed: 14376050477486385689

63 Sabo the Chiller (level 3, -2/24 HPs)
             Began as a Demonspawn Ice Elementalist on Aug 11, 2022.
             Was a Believer of Cheibriados.
             Killed from afar by an orc wizard (7 damage)
             ... with a puff of flame
             ... on level 3 of the Dungeon.
             The game lasted 00:16:03 (3773 turns).

Sabo the Chiller (Demonspawn Ice Elementalist)      Turns: 3773, Time: 00:16:04

Health: -2/24      AC:  5    Str: 12    XL:     3   Next: 87%
Magic:  7/7        EV: 12    Int: 22    God:    Cheibriados [**....]
Gold:   46         SH:  0    Dex: 17    Spells: 3/7 levels left

rFire   . . .      SeeInvis .   h - +4 dagger
rCold   . . .      Faith    .   (no shield)
rNeg    . . .      Spirit   .   a - +0 robe
rPois   .          Reflect  .   (helmet restricted)
rElec   .          Harm     .   (no cloak)
rCorr   .          Rampage  .   e - +2 pair of gloves
Will    .....                   (no boots)
Stlth   ++........              (no amulet)
HPRegen 0.08/turn               (no ring)
MPRegen 0.10/turn               (no ring)

@: very slow
A: antennae 1
a: Renounce Religion, Bend Time


You were on level 3 of the Dungeon.
You worshipped Cheibriados.
Cheibriados was pleased with you.
You visited 1 branch of the dungeon, and saw 3 of its levels.

You collected 46 gold pieces.

Inventory:

Hand Weapons
 f - a +0 spear
 h - a +4 dagger (weapon)
 m - a +0 battleaxe
Missiles
 c - 5 poisoned darts (quivered)
Armour
 a - a +0 robe (worn)
 e - a +2 pair of gloves (worn)
Scrolls
 d - 2 scrolls of teleportation
 o - a scroll of blinking {unknown}
Potions
 b - a potion of magic
 g - 2 potions of curing {unknown}
 i - a potion of ambrosia {unknown}
 j - a potion of brilliance {unknown}
 k - a potion of heal wounds {unknown}
 n - 2 potions of might {unknown}
 p - a potion of attraction {unknown}
 q - 2 potions of flight {unknown}


   Skills:
 + Level 0.1 Fighting
 + Level 0.2 Short Blades
 + Level 1.9 Dodging
 + Level 2.0 Stealth
 + Level 2.7 Spellcasting
 + Level 4.4 Ice Magic


You had 3 spell levels left.
You knew the following spells:

 Your Spells              Type           Power      Damage    Failure   Level
a - Freeze                Ice            88%        1d10      1%          1
b - Ozocubu's Armour      Ice            22%        N/A       6%          3

Your spell library contained the following spells:

 Spells                   Type           Power      Damage    Failure   Level
 Frozen Ramparts          Ice            44%        1d7       6%          3
 Hailstorm                Conj/Ice       12%        3d5       45%         4


Dungeon Overview and Level Annotations

Branches:
Dungeon (3/15)

Altars:
Cheibriados


Innate Abilities, Weirdness & Mutations

You have a pair of small antennae on your head.


Message History

You kill the orc!
Cheibriados appreciates the change of pace.
You start resting.
An orc wizard is nearby!
The orc wizard mumbles some strange words.
The orc wizard flickers and vanishes!
Deactivating autopickup; reactivate with Ctrl-A.
You see here a +0 club.
You closely miss something. Something hits you.
The orc shouts!
You hit something. Something hits you.
You barely miss something. Something barely misses you.
You closely miss something. Something barely misses you.
You miss something. Something barely misses you.
You hit something. Something hits you but does no damage.
You closely miss something. Something hits you.
You hit something.
You hear some strange, mumbled words.
Something tries to affect you, but you resist.
You closely miss something. Something hits you but does no damage.
You hit something. Something hits you.
You closely miss something.
You hear some strange, mumbled words.
A magic dart appears from out of thin air!
The magic dart hits you.
You closely miss something. Something hits you.
You barely miss something. Something hits you but does no damage.
You closely miss something.
You hear some strange, mumbled words.
A magic dart appears from out of thin air!
The magic dart hits you but does no damage.
You hit something. Something hits you.
You hit something but do no damage. Something hits you but does no damage.
You closely miss something. Something hits you.
* * * LOW HITPOINT WARNING * * *
You closely miss something.
You hear some strange, mumbled words.
A puff of flame appears from out of thin air!
The puff of flame hits you!
You die...

#.# #.##.......#.## #.#
#.##.#####..#.## # #.#
#.##.# ##.###.####.# #.#
#..).# ##.## ##.....# #.#
####.# #.## ##.##.# #†#
#.####.## ##.## #.#
#.......###.#......
#.###########...#.#.##.#...#
#........!.@{s..##.## .# .##
##############..#### .# #
#..# .# #..# .# #..# .#
#..## #..o# ##o.# #.s#


You could see a scorpion.

Vanquished Creatures
  An adder (D:2)
  An orc (D:3)
  4 bats
  2 endoplasms (D:1)
  3 giant cockroaches
  7 goblins
  8 hobgoblins
  4 jackals (D:2)
  3 quokkas (D:1)
  4 ball pythons
  5 kobolds
  2 rats (D:2)
44 creatures vanquished.

Vanquished Creatures (others)
  A plant (D:1)
1 creature vanquished.

Grand Total: 45 creatures vanquished

Notes
Turn   | Place    | Note
-------+----------+-------------------------------------------
     0 | D:1      | Sabo the Demonspawn Ice Elementalist began the quest for
                  | the Orb.
     0 | D:1      | Reached XP level 1. HP: 13/13 MP: 3/3
   666 | D:1      | Reached skill level 4 in Ice Magic
   666 | D:1      | Gained mutation: You have a pair of small antennae on your
                  | head. [demonic ancestry]
   666 | D:1      | Reached XP level 2. HP: 19/19 MP: 3/5
  1230 | D:1      | Found a faded altar of an unknown god.
  1249 | D:1      | Prayed at the altar of an unknown god.
  1249 | D:1      | Became a worshipper of Cheibriados the Contemplative
  1249 | D:1      | Reached * piety under Cheibriados
  1766 | D:1      | Reached XP level 3. HP: 21/24 MP: 4/6
  1855 | D:1      | Learned a level 3 spell: Ozocubu's Armour
  2140 | D:2      | Reached ** piety under Cheibriados
  3740 | D:3      | Noticed a scorpion
  3773 | D:3      | Killed from afar by an orc wizard

Illustrated notes

Levels and vault maps discovered:
D:1:      lightli_arrival_maybe_door_vault, layout_basic,
          shapermc_ecumenical_altar_mp_urbaneastern
D:2:      layout_loops_corners
D:3:      layout_loops_ring, nicolae_overflow_crystal_walls, uniq_natasha

Skill      XL: |  1  2  3 |
---------------+----------+-----
Ice Magic      | 4 |  4.4
Stealth        | 2 |  2.0
Fighting       | |  0.1
Short Blades   | |  0.2
Dodging        | |  1.9
Spellcasting   | |  2.7

Action                   || total
-------------------------++-------
Melee: Spear             ||     8
       Dagger            ||    58
 Cast: Freeze            ||    47
  Use: Scroll            ||     3
       Potion            ||     1
 Stab: Sleeping          ||     3
Armor: Robe              ||    23
Dodge: Dodged            ||    53

Table legend: (Time is in decaauts)
 A = Elapsed time spent in this place.
 B = Non-inter-level travel time spent in this place.
 C = Inter-level travel time spent in this place.
 D = Time resting spent in this place.
 E = Time spent auto-exploring this place.
 F = Levels seen in this place.
 G = Mean time per level.
                   A        B        C        D        E       F      G
               +--------+--------+--------+--------+--------+-----+--------+
         Total |   4363 |   4363 |      0 |   1781 |      0 |   3 | 1454.3 |
       Dungeon |   4363 |   4363 |      0 |   1781 |      0 |   3 | 1454.3 |
               +--------+--------+--------+--------+--------+-----+--------+

Top non-repeatable levels by time:
     D:1: 2056 daAuts
     D:2: 1674 daAuts
     D:3: 632 daAuts
